 Dungeon Crawl Stone Soup version 0.21-a0-578-gc6e9d75 (webtiles) character file.

427410 theanonym the Slayer (level 25, -3/325 HPs)
             Began as a Human Fighter on Dec 18, 2017.
             Was the Champion of Okawaru.
             Slain by an emperor scorpion (10 damage)
             ... summoned by Khufu
             ... on level 1 of the Crypt on Dec 19, 2017.
             The game lasted 02:56:13 (57510 turns).

theanonym the Slayer (Human Fighter)               Turns: 57510, Time: 02:56:13

Health: -3/325     AC: 32    Str: 26    XL:     25   Next: 0%
Magic:  31/32      EV:  2    Int: 15    God:    Okawaru [******]
Gold:   2304       SH: 17    Dex: 16    Spells: 21/36 levels left

rFire    + + +     SeeInvis .   V - +12 demon trident "Taclakash" {freeze, +Rage rF++ rN+ Int-4}
rCold    . . .     Gourm    .   H - +0 shield {reflect} {Donald}
rNeg     + + +     Faith    .   (armour currently unavailable)
rPois    +         Spirit   .   (helmet currently unavailable)
rElec    .         Reflect  +   (cloak currently unavailable)
rCorr    .         Harm     .   (gloves currently unavailable)
MR       ++...     NoTele   +   (boots currently unavailable)
Stlth    ++++......             u - amulet "Heblof" {RegenMP Str+2}
HPRegen  0.64/turn              G - ring of Alubripp {MR+ Int+3}
MPRegen  0.48/turn              S - ring of the Immovable Queens {rF+ Str+4 Dex+2 Stlth+}

@: lethally poisoned (-3 -> -12), tree-form (expiring), heroism, finesse, very
slightly contaminated, slowed, studying Shields, invisible, very slow
A: no striking features
}: 2/15 runes: decaying, serpentine
a: Heroism, Finesse, Renounce Religion, Evoke Berserk Rage


   Skills:
 - Level 22.2(27) Fighting
 - Level 14.1(19.1) Polearms
 - Level 20.0(25.0) Armour
 + Level 10.3(15.3) Dodging
 - Level 15.0(20.0) Shields
 - Level 6.0 Spellcasting
 - Level 12.0 Charms
 - Level 12.0 Necromancy
 + Level 4.9 Translocations
 + Level 9.8 Invocations


You had 21 spell levels left.
You knew the following spells:

 Your Spells              Type           Power        Failure   Level  Hunger
a - Death Channel         Necr           #####.....   16%         6    #######
c - Control Undead        Necr           #####.....   1%          4    ####...
g - Blink                 Tloc           N/A          2%          2    #......
r - Regeneration          Chrm/Necr      #####.....   1%          3    ##.....

Skill      XL: |  1  2  3  4  5  6  7  8  9 10 11 12 13 14 15 16 17 18 19 20 21 22 23 24 |
---------------+-------------------------------------------------------------------------+-----
Polearms       | 3 4 5 7 8 10 12 14 | 14.1
Fighting       | 4 5 6 7 9 10 11 12 14 15 16 17 18 19 21 22 | 22.2
Invocations    | 2 3 6 8 9 |  9.8
Shields        | 5 8 10 12 13 15 | 15.0
Armour         | 5 8 10 12 13 14 15 17 19 20 | 20.0
Dodging        | 8 10 | 10.3
Charms         | 5 9 11 12 | 12.0
Necromancy     | 5 9 11 12 | 12.0
Spellcasting   | 1 5 6 |  6.0
Translocations | 4 |  4.9

Action                   |  1- 3 |  4- 6 |  7- 9 | 10-12 | 13-15 | 16-18 | 19-21 | 22-24 | 25-27 || total
-------------------------+-------+-------+-------+-------+-------+-------+-------+-------+-------++-------
Melee: Trident           |   133 |   111 |   370 |   822 |  1556 |   289 |       |       |       ||  3281
       Demon trident     |       |       |       |       |       |   991 |  1182 |  1663 |    13 ||  3849
Throw: Javelin           |       |     6 |     3 |     9 |    10 |     7 |       |     1 |       ||    36
       Tomahawk          |       |       |       |       |       |     1 |       |       |       ||     1
 Cast: Regeneration      |       |       |       |       |       |       |    14 |    26 |       ||    40
       Control Undead    |       |       |       |       |       |       |       |     1 |       ||     1
Invok: Heroism           |       |       |     8 |    27 |    30 |    34 |    18 |    17 |     1 ||   135
       Finesse           |       |       |       |     1 |     2 |     3 |     3 |     2 |     1 ||    12
 Abil: Evoke Berserk Rag |       |       |       |       |       |       |     1 |       |       ||     1
Evoke: Wand              |       |       |       |     8 |     1 |     1 |    11 |     1 |       ||    22
       Lightning rod     |       |       |       |       |     3 |       |     4 |       |       ||     7
       Lamp of fire      |       |       |       |       |     1 |     1 |     2 |       |       ||     4
  Use: Scroll            |     5 |     4 |     1 |    15 |    11 |    10 |     8 |     9 |       ||    63
       Potion            |     1 |       |       |       |     3 |     1 |     2 |     1 |     5 ||    13
 Stab: Distracted        |       |       |     2 |     1 |       |       |       |       |       ||     3
       Paralysed         |       |       |     1 |       |       |       |       |       |       ||     1
       Confused          |       |       |       |     4 |       |       |       |       |       ||     4
  Eat: Chunk             |     1 |     4 |     2 |    49 |    38 |    29 |    15 |    25 |       ||   163
       Ration            |     1 |       |     3 |       |       |     3 |     3 |     4 |       ||    14
Armor: Scale mail        |    61 |     6 |       |       |       |       |       |       |       ||    67
       Plate armour      |       |    42 |   141 |   254 |       |       |    37 |   248 |       ||   722
       Chain mail        |       |       |       |    31 |   371 |   357 |   200 |       |       ||   959
       Skin              |       |       |       |       |     3 |       |       |    26 |    70 ||    99
Dodge: Dodged            |    34 |     9 |    33 |    60 |   170 |   198 |   264 |   363 |     6 ||  1137
Block: Shield            |    74 |    30 |   118 |   234 |   574 |   600 |   551 |   659 |    42 ||  2882
       Reflection        |       |       |       |       |       |    71 |    48 |    81 |       ||   200

Inventory:

Hand Weapons
 x - a +4 demon trident of electrocution
   (You took it off Donald on level 2 of the Elven Halls)
 V - the +12 demon trident "Taclakash" (weapon) {freeze, +Rage rF++ rN+ Int-4}
   (You acquired it on level 1 of the Swamp)

   It has been specially enchanted to freeze those struck by it, causing extra
   injury to most foes and up to half again as much damage against particularly
   susceptible opponents.
   It can also slow down cold-blooded creatures.
   It affects your intelligence (-4).
   It greatly protects you from fire.
   It protects you from negative energy.
   It lets you go berserk.
Missiles
 Z - 7 javelins of penetration (quivered) {god gift}
Armour
 a - a +2 plate armour of positive energy (melded) {18}
   (You took it off an orc warrior on level 1 of the Orcish Mines)
 m - the +0 hat "Ukhuoz" (melded) {god gift, *Contam rPois Str+4 Slay+3}
   (Okawaru gifted it to you on level 2 of the Snake Pit)

   It affects your strength (+4).
   It affects your accuracy and damage with ranged weapons and melee attacks
   (+3).
   It protects you from poison.
   It causes magical contamination when unequipped.
 H - a +0 shield of reflection (worn) {Donald}
   (You took it off Donald on level 2 of the Elven Halls)
 N - a +0 pair of gloves of dexterity (melded)
   (You found it on level 3 of the Elven Halls)
 O - the +0 pair of boots of Gimiemet {MR+ Regen+}
   (You found it on level 15 of the Dungeon)

   It affects your resistance to hostile enchantments.
   It increases your rate of regeneration.
 W - the +1 pair of boots "Zyrood" (melded) {god gift, rN+ Regen+}
   (Okawaru gifted it to you on level 3 of the Vaults)

   It protects you from negative energy.
   It increases your rate of regeneration.
 X - a scarf of resistance (melded) {god gift, rF+ rC+}
   (Okawaru gifted it to you on level 3 of the Swamp)
Jewellery
 h - the ring of the Catamount {rElec rF+ MR- Str+2 Slay+2}
   (You bought it in a shop on level 2 of the Orcish Mines)

   [ring of protection from fire]

   It affects your strength (+2).
   It affects your accuracy and damage with ranged weapons and melee attacks
   (+2).
   It protects you from fire.
   It insulates you from electricity.
   It affects your resistance to hostile enchantments.
 l - an uncursed ring of see invisible {SInv}
   (You took it off a deep elf annihilator on level 3 of the Elven Halls)
 u - the amulet "Heblof" (around neck) {RegenMP Str+2}
   (You took it off a deep elf demonologist on level 3 of the Elven Halls)

   [amulet of magic regeneration]

   It increases your magic regeneration.
   It affects your strength (+2).
 G - the ring of Alubripp (left branch) {MR+ Int+3}
   (You found it on level 2 of the Swamp)

   [ring of intelligence]

   It affects your intelligence (+3).
   It affects your resistance to hostile enchantments.
 S - the ring of the Immovable Queens (right branch) {rF+ Str+4 Dex+2 Stlth+}
   (You found it on level 3 of the Elven Halls)

   [ring of protection from fire]

   It affects your strength (+4).
   It affects your dexterity (+2).
   It protects you from fire.
   It makes you more stealthy.
Wands
 c - a wand of clouds (2)
   (You found it on level 11 of the Dungeon)
 d - a wand of digging (15)
   (You found it on level 2 of the Snake Pit)
 v - a wand of acid (18)
   (You found it on level 4 of the Snake Pit)
Scrolls
 b - 5 scrolls of blinking
 f - 8 scrolls of fog
 i - 17 scrolls of remove curse
 r - 6 scrolls of identify
 t - 7 scrolls of teleportation {!r}
 y - 4 scrolls of magic mapping
 D - 9 scrolls of enchant weapon
 E - a scroll of enchant armour
 J - a scroll of summoning
 L - 3 scrolls of silence
 T - 5 scrolls of immolation
 Y - 2 scrolls of holy word
Potions
 g - 4 potions of ambrosia
 k - 8 potions of flight
 n - 3 potions of lignification
 p - 6 potions of mutation
 q - 18 potions of heal wounds
 w - 10 potions of curing
 A - a potion of magic
 B - a potion of haste
 C - 9 potions of brilliance
 I - 2 potions of cancellation
 K - 2 potions of might
 M - 4 potions of berserk rage {!q}
 R - 2 potions of invisibility
Books
 z - a manual of Shields
   (You found it on level 2 of the Swamp)
Miscellaneous
 s - a fan of gales
   (You found it on level 3 of the Elven Halls)
 P - 5 phantom mirrors
 Q - a lightning rod (4/4)
   (You found it on level 4 of the Lair of Beasts)
 U - a lamp of fire
   (You found it on level 6 of the Lair of Beasts)
Comestibles
 e - 58 rations


You were on level 1 of the Crypt.
You worshipped Okawaru.
Okawaru was exalted by your worship.
You were not hungry.
You were a tree.
You visited 8 branches of the dungeon, and saw 39 of its levels.
You visited the Abyss 1 time.
You also visited: Sewer, Ice Cave and Desolation.

You collected 6384 gold pieces.
You spent 4080 gold pieces at shops.

Dungeon Overview and Level Annotations

Branches:
Dungeon (15/15)            Temple (0/1) D:7            Lair (6/6) D:8
  Swamp (4/4) Lair:4        Snake (4/4) Lair:4        Slime (0/5) Lair:5
    Orc (2/2) D:10            Elf (3/3) Orc:2        Vaults (4/5) D:14
  Crypt (1/3) Vaults:3     Depths (0/5) D:15

Altars:
Ashenzari
Cheibriados
Dithmenos
Fedhas
Gozag
Hepliaklqana
Kikubaaqudgha
Nemelex Xobeh
Okawaru
Qazlal
Ru
Trog
Uskayaw
Zin
Beogh

Shops:
D:4 :   Orc:1 [   Orc:2 (=[*   Elf:1 ?   Elf:2 :   Elf:3 ([   Snake:2 [
Snake:3 [*

Annotations:
D:2 yif
Crypt:1 Khufu


Message History

You impale Khufu!! You freeze Khufu. You block the necrophage's attack.
You impale Khufu!! You freeze Khufu.
You block the emperor scorpion's attack. x3
The emperor scorpion stings you but does no damage.
The emperor scorpion claws you.
* * * LOW HITPOINT WARNING * * *
The emperor scorpion claws you!
* * * LOW HITPOINT WARNING * * *
The emperor scorpion stings you.
* * * LOW HITPOINT WARNING * * *
The emperor scorpion claws you but does no damage. x2
Khufu hits you with a great sword.
* * * LOW HITPOINT WARNING * * *
You take 22 damage, and have 30/325 hp.
You feel much better. You block the necrophage's attack.
You block the emperor scorpion's attack.
The emperor scorpion claws you but does no damage.
The emperor scorpion claws you.
* * * LOW HITPOINT WARNING * * *
The emperor scorpion stings you.
* * * LOW HITPOINT WARNING * * *
The emperor scorpion claws you!
* * * LOW HITPOINT WARNING * * *
You block the emperor scorpion's attack.
The emperor scorpion stings you.
* * * LOW HITPOINT WARNING * * *
You are poisoned.
The emperor scorpion poisons you!
The emperor scorpion claws you but does no damage.
The emperor scorpion claws you!
* * * LOW HITPOINT WARNING * * *
Khufu hits you with a great sword!
* * * LOW HITPOINT WARNING * * *
The necrophage hits you but does no damage.
You take 11 damage, and have 19/325 hp.
Okay, then.
Okay, then.
You cannot blink because you are held in place by your roots.
Unknown command.
You feel much better.
You feel very sick. The emperor scorpion stings you!
* * * LOW HITPOINT WARNING * * *
You block the emperor scorpion's attack.
The emperor scorpion claws you.
* * * LOW HITPOINT WARNING * * *
The emperor scorpion stings you but does no damage.
You block the emperor scorpion's attack.
The emperor scorpion barely misses you.
The emperor scorpion stings you but does no damage.
The emperor scorpion claws you but does no damage.
You block the emperor scorpion's attack.
The necrophage hits you but does no damage.
Khufu hits you with a great sword!!
* * * LOW HITPOINT WARNING * * *
The emperor scorpion stings you but does no damage.
The emperor scorpion claws you but does no damage.
The emperor scorpion barely misses you.
You block the emperor scorpion's attack.
The emperor scorpion claws you but does no damage. x2
The emperor scorpion stings you but does no damage.
The emperor scorpion claws you but does no damage. x2
You take 12 damage, and have 7/325 hp.
You fade into invisibility!
Your transformation is almost over.
* * * LOW HITPOINT WARNING * * *
You feel very sick. You block the necrophage's attack.
You block the emperor scorpion's attack.
The emperor scorpion claws you but does no damage.
You block the emperor scorpion's attack.
The emperor scorpion stings you but does no damage.
The emperor scorpion claws you but does no damage.
You block the emperor scorpion's attack.
The emperor scorpion stings you but does no damage.
The emperor scorpion claws you but does no damage. x2
Khufu completely misses you.
The necrophage hits you but does no damage.
You are very lightly contaminated with residual magic.
You take 2 damage, and have 5/325 hp.
You feel much better.
You feel very sick.
You block the emperor scorpion's attack.
The emperor scorpion claws you but does no damage.
You block the emperor scorpion's attack.
The emperor scorpion stings you but does no damage.
The emperor scorpion claws you!
* * * LOW HITPOINT WARNING * * *
The emperor scorpion claws you but does no damage.
The emperor scorpion completely misses you.
You block the emperor scorpion's attack.
The emperor scorpion claws you but does no damage.
Khufu gestures at you while chanting. Something smites you!
* * * LOW HITPOINT WARNING * * *
The necrophage hits you but does no damage.
The emperor scorpion stings you but does no damage.
The emperor scorpion claws you but does no damage. x2
The emperor scorpion stings you!
You die...

###.......# ##
##...#...## ###.
.#..###.###.#..M
...##...# ....#
.#..###.## ....##
##...#...######.sW#
###.......#..###.s##
.###...#......###M8#
..#8#.....#....#♣s##
..####...###...nss#
..###.#8#.#.##.#.##
.###(####.#.#8###.(
## ### ###### ### #
######### #.......#
#.#####.#
###.#####.#


You could see Khufu, 4 emperor scorpions, a freezing wraith and a necrophage.

Notes
Turn   | Place    | Note
-------+----------+-------------------------------------------
     0 | D:1      | theanonym the Human Fighter began the quest for the Orb.
     0 | D:1      | Reached XP level 1. HP: 18/18 MP: 1/1
   149 | D:1      | Reached XP level 2. HP: 24/24 MP: 2/2
   448 | D:1      | Reached XP level 3. HP: 29/29 MP: 3/3
   519 | D:1      | Reached skill level 3 in Polearms
  1166 | D:2      | Found a runed door.
  1507 | D:3      | Noticed Jessica
  1548 | D:3      | Noticed CasualChangeling's ghost (amateur DrHu)
  1912 | D:3      | Reached XP level 4. HP: 27/35 MP: 4/4
  1930 | D:3      | Killed CasualChangeling's ghost
  1930 | D:3      | Reached skill level 4 in Fighting
  1930 | D:3      | Reached skill level 4 in Polearms
  1930 | D:3      | Reached XP level 5. HP: 12/42 MP: 5/5
  2543 | D:3      | Noticed Grinder
  2631 | D:2      | Noticed Crazy Yiuf
  2635 | D:2      | Killed Crazy Yiuf
  2635 | D:2      | Reached XP level 6. HP: 40/48 MP: 6/6
  2858 | D:3      | Killed Jessica
  2858 | D:3      | Reached skill level 5 in Polearms
  2965 | D:3      | Paralysed by Grinder for 7 turns
  3240 | D:4      | Found a glowing drain.
  3295 | Sewer    | Entered a sewer
  3352 | Sewer    | Noticed Gaball's ghost (amateur NaMo)
  3388 | Sewer    | Killed Gaball's ghost
  3388 | Sewer    | Reached XP level 7. HP: 55/55 MP: 7/7
  3474 | Sewer    | Reached skill level 5 in Fighting
  3474 | Sewer    | Reached skill level 6 in Polearms
  3497 | Sewer    | Found a white marble altar of Elyvilon.
  3775 | D:4      | Found Riuneuf's Book Boutique.
  3882 | D:4      | Found a snail-covered altar of Cheibriados.
  3893 | D:4      | Found a blossoming altar of Fedhas.
  3893 | D:4      | Found an opulent altar of Gozag.
  3907 | D:4      | Found a shadowy altar of Dithmenos.
  3911 | D:4      | Found an iron altar of Okawaru.
  3920 | D:4      | Became a worshipper of Warmaster Okawaru
  4201 | D:4      | Found a shattered altar of Ashenzari.
  4388 | D:5      | Entered Level 5 of the Dungeon
  4438 | D:3      | Paralysed by Grinder for 5 turns
  4447 | D:3      | Killed Grinder
  4447 | D:3      | Reached skill level 7 in Polearms
  4447 | D:3      | Reached XP level 8. HP: 50/64 MP: 8/8
  4594 | D:5      | Reached skill level 6 in Fighting
  4980 | D:5      | Reached skill level 8 in Polearms
  5288 | D:5      | Reached * piety under Okawaru
  5407 | D:5      | Reached skill level 1 in Invocations
  5455 | D:5      | Found an ancient bone altar of Kikubaaqudgha.
  5458 | D:5      | Found a sacrificial altar of Ru.
  5638 | D:5      | Reached skill level 2 in Invocations
  5638 | D:5      | Reached XP level 9. HP: 64/70 MP: 8/10
  5720 | D:5      | Reached skill level 3 in Invocations
  5781 | D:5      | Found a glowing silver altar of Zin.
  6011 | D:5      | Reached skill level 9 in Polearms
  6117 | D:6      | Reached skill level 7 in Fighting
  6288 | D:6      | HP: 35/71 [acid (11)]
  6673 | D:6      | Reached ** piety under Okawaru
  6813 | D:6      | Reached skill level 10 in Polearms
  7076 | D:6      | Reached XP level 10. HP: 73/79 MP: 12/12
  7449 | D:7      | Reached skill level 8 in Fighting
  7561 | D:7      | Found a staircase to the Ecumenical Temple.
  7760 | D:7      | Found a hide-covered altar of Uskayaw.
  7832 | D:7      | Noticed Joseph
  7842 | D:7      | Killed Joseph
  7842 | D:7      | Reached *** piety under Okawaru
  7842 | D:7      | Reached skill level 11 in Polearms
  8070 | D:7      | Found a snail-covered altar of Cheibriados.
  8242 | D:8      | Noticed a two-headed ogre
  8245 | D:8      | Noticed a two-headed ogre
  8395 | D:8      | Killed a two-headed ogre
  8395 | D:8      | Reached **** piety under Okawaru
  8395 | D:8      | Reached skill level 9 in Fighting
  8508 | D:8      | Killed a two-headed ogre
  8508 | D:8      | Reached skill level 12 in Polearms
  8527 | D:8      | Found a hazy altar of Hepliaklqana.
  8628 | D:8      | Found a sparkling altar of Nemelex Xobeh.
  8773 | D:8      | Reached XP level 11. HP: 85/88 MP: 13/13
  8927 | D:8      | Found a staircase to the Lair.
  9178 | D:9      | Reached ***** piety under Okawaru
  9942 | D:9      | Reached skill level 13 in Polearms
 10272 | D:9      | Reached skill level 10 in Fighting
 10414 | D:9      | Noticed a three-headed hydra
 10429 | D:9      | Killed a three-headed hydra
 10986 | D:10     | Entered Level 10 of the Dungeon
 11434 | D:10     | Wingboner: Сифилитик.
 11434 | D:10     | Wingboner: Нос сгнил.
 11524 | D:10     | theanonym: Где?
 11524 | D:10     | Found a staircase to the Orcish Mines.
 11598 | D:10     | Wingboner: HP: 84/91 (92)
 11614 | D:10     | HP: 44/91 [ogre/giant club (11)]
 11683 | D:10     | Wingboner: 1 максхп отгнил.
 11686 | D:10     | HP: 44/91 [something (2)]
 11691 | D:10     | Killed an unseen horror
 11691 | D:10     | Reached skill level 14 in Polearms
 11692 | D:10     | theanonym: Я понял
 12024 | D:10     | Learned a level 2 spell: Blink
 12268 | D:10     | Killed an unseen horror
 12268 | D:10     | Received a gift from Okawaru
 12268 | D:10     | Reached XP level 12. HP: 72/98 MP: 14/14
 12564 | Orc:1    | Entered Level 1 of the Orcish Mines
 12574 | Orc:1    | Wingboner: Люди скучные тут. За человека можно мутагенчиков хотя бы пожрать, чтобы повеселее было.
 12681 | Orc:1    | theanonym: Апты хорошие
 12758 | Orc:1    | Reached skill level 4 in Invocations
 12775 | Orc:1    | Found Moiziplu's Antique Armour Shoppe.
 12791 | Orc:1    | Bought a runed cloak for 187 gold pieces
 12801 | Orc:1    | Wingboner: Шапка имени улитки!
 12801 | Orc:1    | Wingboner: Апты средние.
 13090 | Orc:1    | Reached skill level 4 in Shields
 13097 | Orc:1    | Wingboner: По сравнению с расами, где полезные скилы +4...
 13132 | Orc:1    | Reached skill level 11 in Fighting
 13132 | Orc:1    | Reached skill level 4 in Armour
 13254 | Orc:1    | Noticed an orc warlord
 13267 | Orc:1    | Killed an orc warlord
 13275 | Orc:1    | Reached skill level 5 in Invocations
 13460 | Orc:1    | HP: 39/99 [orc priest/divine providence (13)]
 13703 | Orc:1    | Reached skill level 5 in Shields
 13709 | Orc:1    | Reached skill level 5 in Armour
 14038 | Orc:1    | Found a roughly hewn altar of Beogh.
 14045 | Orc:1    | Noticed an orc high priest
 14058 | Orc:1    | HP: 46/99 [orc priest/divine providence (13)]
 14061 | Orc:1    | HP: 19/99 [orc priest/divine providence (15)]
 14434 | Orc:1    | Noticed a sixfirhy
 14438 | Orc:1    | Killed an orc high priest
 14438 | Orc:1    | Received a gift from Okawaru
 14668 | Orc:1    | Paralysed by an orc sorcerer for 2 turns
 14674 | Orc:1    | Reached skill level 6 in Invocations
 15160 | Lair:1   | Entered Level 1 of the Lair of Beasts
 15180 | Lair:1   | Reached XP level 13. HP: 83/106 MP: 14/17
 15187 | Lair:1   | HP: 52/106 [spiny frog (11)]
 15192 | Lair:1   | Reached skill level 6 in Shields
 15192 | Lair:1   | HP: 45/106 [poisoned by a spiny frog]
 15197 | Lair:1   | HP: 38/106 [poisoned by a spiny frog]
 15202 | D:8      | HP: 32/106 [poisoned by a spiny frog]
 15207 | D:8      | HP: 28/106 [poisoned by a spiny frog]
 15212 | D:8      | HP: 27/106 [poisoned by a spiny frog]
 15219 | D:8      | HP: 26/106 [poisoned by a spiny frog]
 15226 | D:8      | HP: 26/106 [poisoned by a spiny frog]
 15234 | D:8      | HP: 26/106 [poisoned by a spiny frog]
 15550 | Lair:1   | Reached skill level 6 in Armour
 15604 | Lair:1   | Noticed a four-headed hydra
 15618 | Lair:1   | Killed a four-headed hydra
 15965 | Lair:1   | Reached skill level 12 in Fighting
 15972 | Lair:1   | HP: 53/107 [poisoned by a spiny frog]
 15978 | Lair:1   | HP: 51/107 [poisoned by a spiny frog]
 15984 | Lair:1   | HP: 49/107 [poisoned by a spiny frog]
 15990 | Lair:1   | HP: 49/107 [poisoned by a spiny frog]
 15997 | Lair:1   | HP: 49/107 [poisoned by a spiny frog]
 17011 | Lair:2   | Reached skill level 7 in Armour
 17011 | Lair:2   | Reached skill level 7 in Shields
 17319 | Lair:2   | HP: 54/108 [elephant (11)]
 17324 | Lair:2   | HP: 51/108 [elephant (2)]
 17329 | Lair:2   | HP: 49/108 [poisoned by a spiny frog]
 17336 | Lair:2   | HP: 49/108 [poisoned by a spiny frog]
 17346 | Lair:2   | HP: 43/108 [poisoned by a spiny frog]
 17352 | Lair:2   | HP: 44/108 [poisoned by a spiny frog]
 17667 | Lair:2   | Noticed Gastronok
 17682 | Lair:2   | Killed Gastronok
 17682 | Lair:2   | Received a gift from Okawaru
 17865 | Lair:2   | Reached skill level 8 in Shields
 18025 | Lair:2   | Reached skill level 8 in Armour
 18739 | Lair:3   | Noticed a four-headed hydra
 18772 | Lair:3   | Killed a four-headed hydra
 18772 | Lair:3   | Reached XP level 14. HP: 113/115 MP: 16/18
 18854 | Lair:3   | Reached skill level 13 in Fighting
 19566 | Lair:4   | Reached skill level 9 in Shields
 19569 | Lair:4   | Reached skill level 9 in Armour
 19887 | Lair:4   | Received a gift from Okawaru
 19902 | Lair:4   | Found a staircase to the Snake Pit.
 20392 | Lair:4   | Found a staircase to the Swamp.
 20852 | Lair:5   | Noticed Rupert
 20865 | Lair:5   | Killed Rupert
 20978 | Lair:5   | Found a staircase to the Slime Pits.
 21053 | Lair:5   | Received a gift from Okawaru
 21053 | Lair:5   | Reached skill level 10 in Shields
 21054 | Lair:5   | Got a pair of crude boots {god gift}
 21065 | Lair:5   | Identified the +2 pair of boots of the Shore {god gift, rPois} (Okawaru gifted it to you on level 5 of the Lair of Beasts)
 21111 | Lair:5   | Reached skill level 10 in Armour
 21154 | Lair:5   | HP: 59/118 [eight-headed hydra (4)]
 21605 | Lair:5   | Found the +3 sling "Punk" {acid, rCorr}
 21867 | Lair:6   | Entered Level 6 of the Lair of Beasts
 22071 | Lair:6   | Found a stormy altar of Qazlal.
 22198 | Lair:6   | Reached skill level 14 in Fighting
 22219 | Lair:6   | Reached XP level 15. HP: 107/125 MP: 17/19
 23054 | Lair:6   | Reached skill level 11 in Shields
 23060 | Lair:6   | Reached skill level 11 in Armour
 23240 | Lair:6   | Reached ****** piety under Okawaru
 23240 | Lair:6   | Received a gift from Okawaru
 24704 | D:12     | Noticed Kirke
 24722 | D:12     | Killed Kirke
 24763 | D:12     | Noticed Soeti's ghost (journeyman DsMo)
 24815 | D:12     | HP: 54/126 [Soeti's ghost (10)]
 24820 | D:12     | HP: 48/126 [poisoned by Soeti's ghost (toxic radiance)]
 24823 | D:12     | Killed Soeti's ghost
 24825 | D:12     | HP: 30/126 [poisoned by Soeti's ghost (toxic radiance)]
 24830 | D:12     | HP: 28/126 [poisoned by Soeti's ghost (toxic radiance)]
 24835 | D:12     | HP: 26/126 [poisoned by Soeti's ghost (toxic radiance)]
 24841 | D:12     | HP: 24/126 [poisoned by Soeti's ghost (toxic radiance)]
 24846 | D:12     | HP: 23/126 [poisoned by Soeti's ghost (toxic radiance)]
 24853 | D:12     | HP: 24/126 [poisoned by Soeti's ghost (toxic radiance)]
 24861 | D:12     | HP: 24/126 [poisoned by Soeti's ghost (toxic radiance)]
 25964 | D:13     | Found a frozen archway.
 26016 | IceCv    | Entered an ice cave
 26046 | IceCv    | Found a transporter.
 26096 | IceCv    | HP: 63/126 [ice statue] (2)]
 26407 | D:13     | Reached skill level 15 in Fighting
 26976 | D:13     | Found a bloodstained altar of Trog.
 27144 | D:14     | Noticed George's ghost (journeyman MiFi)
 27217 | D:14     | Learned a level 3 spell: Regeneration
 27267 | D:13     | Received a gift from Okawaru
 27267 | D:13     | Reached skill level 12 in Armour
 27267 | D:13     | Reached skill level 12 in Shields
 27277 | D:13     | Reached XP level 16. HP: 128/135 MP: 18/20
 27654 | D:14     | Identified the +8 chain mail of Lummyukh {rC+++ MP-9 Int+4 Stlth+} (You took it off an orc on level 14 of the Dungeon)
 28075 | D:14     | Killed George's ghost
 28332 | D:14     | Learned a level 4 spell: Control Undead
 28360 | D:14     | HP: 59/135 [cyan ugly thing (17)]
 28369 | D:14     | HP: 57/135 [red ugly thing (5)]
 28651 | D:14     | Paralysed by an ogre mage for 7 turns
 28891 | Orc:1    | Bought the +3 hat of Pondering {ponderous, MR+ MP+10 Int+5} for 952 gold pieces
 28891 | Orc:1    | Found the +3 hat of Pondering {ponderous, MR+ MP+10 Int+5}
 29116 | Swamp:1  | Entered Level 1 of the Swamp
 29570 | Swamp:1  | Identified a scroll of acquirement
 29571 | Swamp:1  | Got a fine demon trident
 29572 | Swamp:1  | Identified the +12 demon trident "Taclakash" {freeze, +Rage rF++ rN+ Int-4} (You acquired it on level 1 of the Swamp)
 30333 | Swamp:2  | Reached skill level 7 in Invocations
 30869 | Swamp:2  | Found a runed door.
 31454 | Swamp:2  | Received a gift from Okawaru
 31563 | Swamp:2  | Reached skill level 8 in Invocations
 31684 | Swamp:2  | Paralysed by you for 5 turns
 32073 | Swamp:2  | Got a translucent granite ring
 32193 | Swamp:3  | Reached skill level 13 in Shields
 32241 | Swamp:3  | Reached skill level 13 in Armour
 32534 | Swamp:3  | Reached XP level 17. HP: 136/144 MP: 6/23
 32619 | Swamp:3  | Reached skill level 16 in Fighting
 32757 | Swamp:3  | Received a gift from Okawaru
 32920 | Swamp:3  | Identified the ring of Alubripp {MR+ Int+3} (You found it on level 2 of the Swamp)
 33379 | Orc:2    | Entered Level 2 of the Orcish Mines
 33472 | Orc:2    | Found a staircase to the Elven Halls.
 33934 | Orc:2    | Noticed Saint Roka
 33967 | Orc:2    | Killed Saint Roka
 33967 | Orc:2    | Reached skill level 14 in Shields
 34207 | Orc:2    | Found a roughly hewn altar of Beogh.
 34216 | Orc:2    | Found Majov's Antique Armour Shoppe.
 34233 | Orc:2    | Found Goci's General Store.
 34263 | Orc:2    | Found Zoagahak's Antique Weapon Shoppe.
 34266 | Orc:2    | Found Orgh's Jewellery Shoppe.
 34328 | Orc:2    | Bought a potion of ambrosia for 112 gold pieces
 34328 | Orc:2    | Bought a scroll of identify for 28 gold pieces
 34532 | Orc:2    | Bought a +4 amulet of reflection for 405 gold pieces
 34788 | Snake:1  | Entered Level 1 of the Snake Pit
 35051 | Orc:2    | Bought the ring of the Catamount {rElec rF+ MR- Str+2 Slay+2} for 711 gold pieces
 35473 | Snake:1  | Reached skill level 15 in Shields
 36044 | Snake:1  | Reached skill level 14 in Armour
 36702 | Snake:2  | Found Fuhaditu's Armour Shop.
 36800 | Snake:2  | Received a gift from Okawaru
 36807 | Snake:2  | Got a slimy hat {god gift}
 36808 | Snake:2  | Identified the +0 hat "Ukhuoz" {god gift, *Contam rPois Str+4 Slay+3} (Okawaru gifted it to you on level 2 of the Snake Pit)
 36946 | Snake:2  | Noticed Tramtrist's ghost (journeyman FeBe)
 36980 | Snake:2  | Killed Tramtrist's ghost
 36987 | Snake:2  | HP: 64/146 [naga sharpshooter/bolt (26)]
 36993 | Snake:2  | HP: 52/146 [naga sharpshooter/bolt (6)]
 37421 | Snake:2  | Noticed Vashnia
 37437 | Snake:2  | Noticed Frances
 37452 | Snake:2  | Killed Vashnia
 37465 | Snake:2  | Killed Frances
 37465 | Snake:2  | Reached XP level 18. HP: 102/153 MP: 10/24
 38225 | Snake:3  | Reached skill level 15 in Armour
 38317 | Snake:3  | Reached skill level 1 in Dodging
 38334 | Snake:3  | Reached skill level 17 in Fighting
 38334 | Snake:3  | Reached skill level 2 in Dodging
 38347 | Snake:3  | HP: 75/154 [shock serpent/electric aura (14)]
 38348 | Snake:3  | Reached skill level 3 in Dodging
 38352 | Snake:3  | HP: 67/154 [poisoned by a naga mage (bolt of poison)]
 38358 | Snake:3  | HP: 64/154 [poisoned by a naga mage (bolt of poison)]
 38363 | Snake:3  | HP: 62/154 [poisoned by a naga mage (bolt of poison)]
 38369 | Snake:3  | HP: 61/154 [poisoned by a naga mage (bolt of poison)]
 38374 | Snake:3  | HP: 60/154 [poisoned by a naga mage (bolt of poison)]
 38381 | Snake:2  | HP: 61/154 [poisoned by a naga mage (bolt of poison)]
 38389 | Snake:2  | HP: 62/154 [poisoned by a naga mage (bolt of poison)]
 38878 | Snake:3  | Reached skill level 4 in Dodging
 39189 | Snake:3  | Found Rurakobe's General Store.
 39196 | Snake:3  | Bought a scroll of teleportation for 60 gold pieces
 39197 | Snake:3  | Bought a scroll of identify for 40 gold pieces
 39197 | Snake:3  | Bought a scroll of identify for 40 gold pieces
 39545 | Snake:3  | Found Gastrafoa's Armour Boutique.
 39586 | Snake:4  | Entered Level 4 of the Snake Pit
 39600 | Snake:4  | Reached skill level 5 in Dodging
 39943 | Snake:4  | Reached skill level 6 in Dodging
 40072 | Snake:4  | Received a gift from Okawaru
 40072 | Snake:4  | HP: 71/155 [guardian serpent (7)]
 40077 | Snake:4  | HP: 53/155 [poisoned by a naga mage (poison arrow)]
 40082 | Snake:4  | HP: 47/155 [poisoned by a naga mage (poison arrow)]
 40087 | Snake:4  | HP: 44/155 [poisoned by a naga mage (poison arrow)]
 40092 | Snake:4  | HP: 42/155 [poisoned by a naga mage (poison arrow)]
 40097 | Snake:4  | HP: 40/155 [poisoned by a naga mage (poison arrow)]
 40104 | Snake:4  | HP: 41/155 [poisoned by a naga mage (poison arrow)]
 40109 | Snake:4  | HP: 42/155 [poisoned by a naga mage (poison arrow)]
 40117 | Snake:4  | HP: 40/155 [shock serpent/bolt of electricity (5)]
 40123 | Snake:4  | HP: 22/155 [something (4)]
 40322 | Snake:4  | Reached skill level 7 in Dodging
 40831 | Snake:4  | Reached skill level 8 in Dodging
 41083 | Snake:4  | Reached XP level 19. HP: 145/162 MP: 16/25
 41095 | Snake:4  | Received a gift from Okawaru
 41096 | Snake:4  | Reached skill level 9 in Dodging
 41473 | Snake:4  | Reached skill level 10 in Dodging
 41484 | Snake:4  | Reached skill level 18 in Fighting
 41495 | Snake:4  | Reached skill level 1 in Charms
 41495 | Snake:4  | Reached skill level 1 in Necromancy
 41496 | Snake:4  | HP: 81/163 [guardian serpent (12)]
 41499 | Snake:4  | Reached skill level 1 in Spellcasting
 41501 | Snake:4  | HP: 103/244 [naga/long sword (1)]
 41507 | Snake:4  | HP: 93/244 [poisoned by a naga (splash of poison)]
 41512 | Snake:4  | HP: 61/163 [poisoned by a naga (splash of poison)]
 41517 | Snake:4  | HP: 61/163 [poisoned by a naga (splash of poison)]
 41523 | Snake:4  | HP: 63/163 [poisoned by a naga (splash of poison)]
 41905 | Snake:4  | Got a serpentine rune of Zot
 41946 | Snake:4  | Reached skill level 2 in Necromancy
 42168 | Swamp:4  | Entered Level 4 of the Swamp
 42172 | Swamp:4  | Reached skill level 2 in Charms
 42186 | Swamp:4  | Received a gift from Okawaru
 42377 | Swamp:4  | Reached skill level 3 in Charms
 42435 | Swamp:4  | Reached skill level 3 in Necromancy
 42537 | Swamp:4  | Reached skill level 4 in Charms
 42564 | Swamp:4  | Reached skill level 4 in Necromancy
 43157 | Swamp:4  | Reached skill level 5 in Charms
 43157 | Swamp:4  | Reached skill level 5 in Necromancy
 43333 | Swamp:4  | Got a decaying rune of Zot
 43623 | Elf:1    | Entered Level 1 of the Elven Halls
 43661 | Elf:1    | Reached XP level 20. HP: 157/172 MP: 17/26
 43872 | Elf:1    | Received a gift from Okawaru
 43954 | Elf:1    | Reached skill level 6 in Necromancy
 43959 | Elf:1    | Reached skill level 6 in Charms
 44089 | Elf:1    | Cast into level 2 of the Abyss (a deep elf sorcerer)
 44120 | Abyss:2  | Found an opulent altar of Gozag.
 44161 | Abyss:2  | Found a corrupted altar of Lugonu.
 44241 | Abyss:2  | Noticed a bone dragon
 44256 | Abyss:2  | Killed a bone dragon
 44300 | Elf:1    | Escaped the Abyss
 44327 | Elf:1    | Received a gift from Okawaru
 44380 | Elf:1    | Reached skill level 7 in Charms
 44380 | Elf:1    | Reached skill level 7 in Necromancy
 44539 | Elf:1    | Found Mutawee Xidu's Magic Scroll Boutique.
 44955 | Elf:2    | Reached skill level 8 in Charms
 44955 | Elf:2    | Reached skill level 8 in Necromancy
 44971 | Elf:2    | Found a ruined gateway.
 44986 | Desolati | Entered the Desolation of Salt
 45073 | Desolati | Reached skill level 19 in Fighting
 45177 | Desolati | HP: 81/174 [halazid warlock/ghostly fireball (23)]
 45187 | Desolati | HP: 63/174 [halazid warlock/bolt of cold (7)]
 45340 | Desolati | Identified the +8 plate armour "Pirch" {rC+ rCorr Int-3, 18} (You found it in the Desolation of Salt)
 45355 | Desolati | Got a slimy lapis lazuli ring
 45356 | Desolati | Identified the ring "Nauhalae" {rF+ Stlth-} (You found it in the Desolation of Salt)
 45436 | Desolati | Reached skill level 9 in Charms
 45436 | Desolati | Reached skill level 9 in Necromancy
 45469 | Desolati | Reached XP level 21. HP: 180/180 MP: 15/27
 45485 | Desolati | Reached skill level 2 in Spellcasting
 45575 | Desolati | Identified Nicsikorr's Volume of the Burning Entourage
 45580 | Desolati | Got a translucent platinum amulet
 45581 | Desolati | Identified the amulet of Wefausma {+Rage rF++} (You found it in the Desolation of Salt)
 45676 | Desolati | Received a gift from Okawaru
 45688 | Desolati | Reached skill level 3 in Spellcasting
 46184 | Elf:2    | Noticed Donald
 46196 | Elf:2    | Killed Donald
 46232 | Elf:2    | Found a runed gate.
 46233 | Elf:2    | Found a runed gate.
 46234 | Elf:2    | Found a runed gate.
 46338 | Elf:2    | Found Fuak's Book Boutique.
 46355 | Elf:2    | Bought a manual of Fighting for 1545 gold pieces
 46469 | Elf:2    | Reached skill level 4 in Spellcasting
 46596 | Elf:2    | Reached skill level 10 in Charms
 46600 | Elf:2    | Reached skill level 10 in Necromancy
 46804 | Elf:2    | Received a gift from Okawaru
 46915 | Elf:3    | Entered Level 3 of the Elven Halls
 46967 | Elf:3    | Reached skill level 5 in Spellcasting
 46974 | Elf:3    | Found Rimo's Antique Weapon Shoppe.
 47035 | Elf:3    | Found Giequevi's Armour Shoppe.
 47188 | Elf:3    | Got a shimmering turquoise ring
 47189 | Elf:3    | Identified the ring of the Immovable Queens {rF+ Str+4 Dex+2 Stlth+} (You found it on level 3 of the Elven Halls)
 47383 | Elf:3    | HP: 80/181 [deep elf high priest/divine providence (12)]
 47388 | Elf:3    | HP: 82/181 [poisoned by a deep elf annihilator (poison arrow)]
 47396 | Elf:3    | HP: 86/181 [poisoned by a deep elf annihilator (poison arrow)]
 47535 | Elf:3    | Identified the amulet "Optagodu" {Faith *Slow rPois rF+ rC+} (You took it off a deep elf mage on level 3 of the Elven Halls)
 47717 | Elf:3    | Reached skill level 11 in Charms
 47717 | Elf:3    | Reached skill level 11 in Necromancy
 47734 | Elf:3    | Reached XP level 22. HP: 189/189 MP: 29/29
 48002 | Elf:3    | Identified the +7 plate armour of Usematiw {+Blink MR- rCorr Int-2, 18} (You took it off a deep elf blademaster on level 3 of the Elven Halls)
 48053 | Elf:3    | Reached skill level 20 in Fighting
 48072 | Elf:3    | Got a bound graven amulet
 48179 | Elf:3    | Identified Sazikk's Reference Book on Dislocation and Unholy Magic
 48191 | Elf:3    | Learned a level 6 spell: Death Channel
 48281 | Elf:3    | Found the ancient robe
 48390 | Elf:3    | Identified the amulet "Heblof" {RegenMP Str+2} (You took it off a deep elf demonologist on level 3 of the Elven Halls)
 48684 | D:14     | Paralysed by an ogre mage for 4 turns
 48753 | D:14     | Found a gate to the Vaults.
 48798 | D:14     | Reached skill level 16 in Armour
 48876 | D:14     | Received a gift from Okawaru
 48982 | D:15     | Entered Level 15 of the Dungeon
 48982 | D:15     | Noticed Agnes
 48991 | D:15     | Killed Agnes
 49153 | D:15     | Got a pair of faintly humming boots
 49164 | D:15     | Identified the +0 pair of boots of Gimiemet {MR+ Regen+} (You found it on level 15 of the Dungeon)
 49477 | D:15     | Found a staircase to the Depths.
 49568 | Vaults:1 | Entered Level 1 of the Vaults
 49659 | Vaults:1 | HP: 82/192 [flayed ghost/flay_damage (30)]
 50015 | Vaults:1 | Received a gift from Okawaru
 50356 | Vaults:1 | Reached skill level 21 in Fighting
 50362 | Vaults:1 | Reached skill level 17 in Armour
 50941 | Vaults:2 | Reached XP level 23. HP: 115/200 MP: 26/30
 50944 | Vaults:2 | HP: 69/200 [cyclops (36)]
 51729 | Vaults:2 | Received a gift from Okawaru
 52394 | Vaults:3 | Reached skill level 18 in Armour
 52805 | Vaults:3 | Reached skill level 22 in Fighting
 53056 | Vaults:3 | Received a gift from Okawaru
 53084 | Vaults:3 | Got a pair of distressingly furry boots {god gift}
 53136 | Vaults:3 | Identified the +1 pair of boots "Zyrood" {god gift, rN+ Regen+} (Okawaru gifted it to you on level 3 of the Vaults)
 53236 | Vaults:3 | Found a staircase to the Crypt.
 53262 | Vaults:3 | Was placed under penance by Okawaru
 54253 | Vaults:4 | Was forgiven by Okawaru
 54384 | Vaults:4 | Reached skill level 19 in Armour
 54547 | Vaults:4 | Reached XP level 24. HP: 211/211 MP: 30/30
 54885 | Vaults:4 | Paralysed by a floating eye for 4 turns
 55774 | Vaults:4 | Reached skill level 12 in Charms
 55823 | Vaults:4 | Reached skill level 12 in Necromancy
 56087 | Crypt:1  | Entered Level 1 of the Crypt
 56114 | Crypt:1  | Reached skill level 1 in Translocations
 56188 | Crypt:1  | Received a gift from Okawaru
 56302 | Crypt:1  | Reached skill level 2 in Translocations
 56572 | Crypt:1  | Noticed Bai Suzhen
 56589 | Crypt:1  | Killed Bai Suzhen
 56589 | Crypt:1  | Reached skill level 20 in Armour
 56589 | Crypt:1  | Reached skill level 3 in Translocations
 56622 | Crypt:1  | Reached skill level 6 in Spellcasting
 56622 | Crypt:1  | Reached skill level 9 in Invocations
 56745 | Crypt:1  | Reached skill level 4 in Translocations
 57185 | Crypt:1  | Noticed a greater mummy
 57326 | Crypt:1  | Killed a greater mummy
 57462 | Crypt:1  | Noticed a greater mummy
 57474 | Crypt:1  | Noticed Khufu
 57490 | Crypt:1  | Killed a greater mummy
 57490 | Crypt:1  | Reached XP level 25. HP: 215/215 MP: 32/32
 57499 | Crypt:1  | HP: 152/322 [emperor scorpion[Khufu] (13)]
 57503 | Crypt:1  | HP: 69/325 [emperor scorpion[Khufu] (16)]
 57506 | Crypt:1  | HP: 30/325 [Khufu/great sword (5)]
 57508 | Crypt:1  | HP: 7/325 [Khufu/great sword (19)]
 57510 | Crypt:1  | Slain by an emperor scorpion

Vanquished Creatures
  2 greater mummies (Crypt:1)
  Saint Roka (Orc:2)
  Bai Suzhen (Crypt:1)
  A bone dragon (Abyss:2)
  A lich (Vaults:4)
  Rupert (Lair:5)
  A shard shrike skeleton (Crypt:1)
  2 deep elf blademasters
  3 deep elf master archers
  An ancient champion (Crypt:1)
  Gastronok (Lair:2)
  3 sphinxes
  3 thorn hunters (Swamp:4)
  Kirke (D:12)
  Agnes (D:15)
  Frances (Snake:2)
  A tengu reaver (Vaults:2)
  A revenant (Crypt:1)
  Donald (Elf:2)
  10 nagarajas
  3 fire giants
  The ghost of George the Fencer, a journeyman MiFi of Makhleb (D:14)
  8 vault wardens
  An orc warlord (Orc:1)
  10 deep elf sorcerers
  A frost giant (Vaults:4)
  2 imperial myrmidons (Desolation)
  A ghoul (Vaults:3)
  2 deep elf elementalists (Elf:3)
  7 ironheart preservers
  A curse skull (Crypt:1)
  2 very ugly things
  6 stone giants
  A war gargoyle (Vaults:3)
  A green draconian (Vaults:3)
  5 deep elf demonologists
  An entropy weaver (Vaults:2)
  3 vampire knights
  5 halazid warlocks (Desolation)
  2 yellow draconians (Vaults:3)
  8 deep elf annihilators (Elf:3)
  The ghost of Soeti the Martial Artist, a journeyman DsMo of Makhleb (D:12)
  2 white draconians (Vaults:3)
  The ghost of Tramtrist the Unseen, a journeyman FeBe of Trog (Snake:2)
  4 deep elf death magi
  An ettin (Vaults:3)
  2 fire dragons
  9 jiangshi (Crypt:1)
  A mummy priest (Crypt:1)
  A minotaur (shapeshifter) (Vaults:3)
  5 deep elf high priests
  8 yaktaur captains
  8 servants of whispers (Desolation)
  7 ragged hierophants
  A great orb of eyes (Vaults:2)
  7 peacekeepers (Desolation)
  2 rakshasas
  15 vault guards
  7 ice dragons
  18 hydras
  9 ghost crabs
  A catoblepas (D:14)
  3 centaur warriors
  10 naga warriors
  18 anacondas
  2 death knights
  8 alligators
  5 vampire magi
  28 two-headed ogres
  28 dancing weapons
  6 death yaks (Lair:6)
  A spriggan berserker (Swamp:4)
  12 ogre magi
  A deep troll shaman (Vaults:4)
  3 orc high priests
  A deep troll earth mage (Vaults:4)
  10 shock serpents
  20 naga sharpshooters
  20 deep elf knights
  2 salamander mystics
  A fire crab (shapeshifter) (Vaults:1)
  3 sea snakes
  18 spriggans
  11 skeletal warriors
  3 starcursed masses (Abyss:2)
  A flayed ghost (Vaults:1)
  5 spriggan druids
  4 unseen horrors
  3 deep trolls (Vaults:4)
  A swamp dragon (shapeshifter) (D:15)
  8 swamp dragons
  5 naga ritualists
  A spatial maelstrom (Abyss:2)
  3 shambling mangroves
  5 wizards
  3 phantasmal warriors (Crypt:1)
  18 ironbrand convokers
  17 orc knights
  12 deep elf archers
  73 deep elf magi
  3 necromancers
  9 cyclopes
  2 wolf spiders
  An orb spider (shapeshifter) (D:15)
  8 orc sorcerers
  3 mana vipers
  5 salamanders
  28 ugly things
  18 guardian serpents
  A human skeleton (Vaults:2)
  13 vault sentinels
  Joseph (D:7)
  4 elephants (Lair:2)
  2 ice statues (IceCv)
  27 black mambas
  4 apocalypse crabs (Swamp:2)
  20 naga magi
  An orange demon (Abyss:2)
  4 gargoyles
  38 spiny frogs
  A torpor snail (shapeshifter) (Vaults:4)
  An efreet (D:15)
  A rime drake (Lair:3)
  6 komodo dragons
  An ancient zyme (Abyss:2)
  9 freezing wraiths
  21 yaktaurs
  A green draconian skeleton (Crypt:1)
  A troll (shapeshifter) (Vaults:1)
  5 guardian mummies (Crypt:1)
  A golden dragon simulacrum (Crypt:1)
  6 polar bears
  A queen bee (shapeshifter) (Vaults:1)
  8 trolls
  5 tyrant leeches
  54 saltlings
  A raiju (shapeshifter) (Vaults:3)
  A sphinx simulacrum (Vaults:1)
  A wind drake (shapeshifter) (Vaults:3)
  Grinder (D:3)
  34 slime creatures
  3 dream sheep
  6 hippogriffs
  A hydra skeleton (Crypt:1)
  15 hornets
  17 blink frogs
  4 bog bodies
  5 air elementals
  A flying skull (Vaults:3)
  3 redbacks (Vaults:2)
  An ettin skeleton (Crypt:1)
  5 wraiths
  A shadow (Swamp:2)
  4 fire elementals
  5 wyverns
  48 yaks
  A yak (shapeshifter) (D:13)
  An ice dragon skeleton (Crypt:1)
  A tarantella (shapeshifter) (Vaults:2)
  8 water elementals
  2 hogs (D:12)
  A human (D:14)
  A golden eye (shapeshifter) (Vaults:2)
  4 basilisks
  17 vampire mosquitoes
  3 hungry ghosts
  2 wargs
  49 nagas
  2 spatial vortices (Abyss:2)
  23 swamp worms
  3 insubstantial wisps (Swamp:4)
  A two-headed ogre zombie (D:10)
  2 soldier ants
  2 floating eyes (shapeshifter)
  15 water moccasins
  5 porcupines
  14 ice beasts
  5 sky beasts
  11 swamp drakes
  An eye of draining (D:12)
  4 black bears
  58 orc warriors
  The ghost of Gaball the Poker, an amateur NaMo (Sewer)
  A hornet zombie (D:15)
  7 phantoms
  3 necrophages
  24 wolves
  The ghost of CasualChangeling the Shooter, an amateur DrHu (D:3)
  9 centaurs
  35 ogres
  6 boggarts
  A lindwurm skeleton (Crypt:1)
  6 big kobolds
  14 crocodiles
  4 human zombies
  18 bullfrogs
  2 gnoll sergeants
  6 earth elementals
  3 wyvern zombies
  3 scorpions
  A scorpion (shapeshifter) (Elf:3)
  A human simulacrum (Vaults:3)
  3 troll zombies (D:10)
  4 wights (Crypt:1)
  9 killer bees
  3 howler monkeys (D:12)
  2 electric eels
  5 crimson imps
  6 hounds
  2 quasits
  A bullfrog zombie (D:12)
  Crazy Yiuf (D:2)
  5 bullfrog skeletons
  33 orc wizards
  31 orc priests
  6 jellies
  9 centaur skeletons
  Jessica (D:3)
  5 iguanas
  A porcupine zombie (Crypt:1)
  5 worker ants
  A killer bee zombie (D:5)
  4 ogre zombies (D:10)
  A tengu skeleton (Crypt:1)
  3 hound zombies
  2 hound skeletons (D:7)
  A mummy (Crypt:1)
  13 gnolls
  13 adders
  A river rat (Sewer)
  A shadow imp (D:10)
  An ufetubus (Abyss:2)
  2 oozes
  An adder skeleton (D:5)
  13 worms
  2 dart slugs
  5 leopard geckos
  105 orcs
  5 bats
  4 giant cockroaches
  6 goblins
  6 hobgoblins
  25 jackals
  16 kobolds
  6 quokkas
  A ball python (Lair:4)
  2 frilled lizards
  A giant cockroach zombie (D:4)
  A goblin skeleton (D:10)
  2 hobgoblin skeletons (D:10)
  2 hobgoblin zombies (D:10)
  A leopard gecko skeleton (D:8)
  A leopard gecko zombie (D:6)
  An orc skeleton (D:10)
  19 orc zombies (D:10)
  A quokka skeleton (D:7)
  10 rats
  A briar patch (Swamp:4)
  2 plants
1858 creatures vanquished.

Vanquished Creatures (others)
  Vashnia (Snake:2)
  An ironheart preserver (Vaults:4)
  A yaktaur captain (Vaults:2)
  An ogre mage (Vaults:1)
  A naga sharpshooter (Snake:2)
  A deep elf knight (Vaults:1)
  A spriggan druid (Swamp:2)
  2 deep elf archers
  An ugly thing (IceCv)
  2 guardian serpents (Snake:4)
  4 yaktaurs
  A saltling (Desolation)
  3 humans
  An orc warrior (Elf:1)
  3 centaurs (Vaults:2)
  3 orc wizards
  5 orcs
  A briar patch (Swamp:4)
  3 fungi
  10 plants
46 creatures vanquished.

Grand Total: 1904 creatures vanquished

Table legend:
 A = Turns spent in this place as a percentage of turns spent in the entire game.
 B = Non-inter-level travel turns spent in this place as a percentage of non-inter-level travel turns spent in the entire game.
 C = Inter-level travel turns spent in this place as a percentage of turns spent in this place.
 D = Turns resting spent in this place as a percentage of non-inter-level travel turns spent in this place.
 E = Turns spent auto-exploring this place as a percentage of non-inter-level travel turns spent in this place.
 F = Non-inter-level travel turns spent in this place divided by the number of levels of this place that you've seen.
                   A       B       C       D       E      F
               +-------+-------+-------+-------+-------+----------------------
         Total | 100.0 | 100.0 |   8.5 |  29.7 |  45.2 | 1223.1
       Dungeon |  34.1 |  33.2 |  11.0 |  32.7 |  45.8 | 1163.9
          Lair |  15.3 |  14.7 |  12.3 |  28.2 |  50.4 | 1287.5
         Swamp |   9.3 |   9.7 |   5.1 |  37.7 |  40.4 | 1269.8
     Snake Pit |  11.9 |  12.7 |   2.3 |  39.6 |  42.5 | 1665.2
  Orcish Mines |   6.1 |   5.9 |  12.1 |  31.2 |  39.4 | 1543.0
   Elven Halls |   6.3 |   6.3 |   8.4 |  10.4 |  47.7 | 1112.0
        Vaults |  11.3 |  11.4 |   7.9 |  13.1 |  54.6 | 1501.8
         Crypt |   2.5 |   2.7 |   0.0 |  42.7 |  22.8 | 1423.0
         Abyss |   0.4 |   0.4 |   0.0 |   0.0 |  62.6 | 211.0
         Sewer |   0.4 |   0.5 |   0.0 |   7.3 |  51.8 | 247.0
      Ice Cave |   0.6 |   0.6 |   0.0 |  68.3 |   8.0 | 325.0
    Desolation |   1.8 |   2.0 |   0.0 |  21.1 |  31.6 | 1036.0
               +-------+-------+-------+-------+-------+----------------------
